Get step-by-step instructions on how to execute this build order below. Start the game timer, and the build order will tick by so you can play in parallel with StarCraft on a second screen or mobile device.

Game Time

  0:00

Last Step

  N/A

Next Step

  12  0:00  Probe  

Upcoming Step

  13  0:12  Probe  

Don't want to look back and forth between 2 screens? Try out our Overwolf App, the Spawning Tool Build Advisor to get an in-game overlay with this build!

Complete Build Order

  12  0:00  Probe  
  13  0:12  Probe  
  14  0:19  Pylon  
  14  0:24  Probe  
  15  0:33  Probe  
  15  0:38  Gateway  
  15  0:41  Probe  
  16  0:49  Assimilator  
  17  0:51  Probe  
  18  1:03  Probe  
  19  1:15  Probe  
  20  1:25  Nexus  
  20  1:35  Cybernetics Core  
  20  1:40  Probe  
  20  1:45  Assimilator  
  21  1:52  Pylon  
  22  1:54  Probe  
  22  2:02  Adept  
  22  2:06  Probe  
  23  2:13  Warp Gate  
  24  2:18  Probe  
  24  2:21  Twilight Council  
  25  2:26  Stalker  
  25  2:30  Probe  
  28  2:40  Probe  
  28  2:42  Probe  
  30  2:52  Probe  
  30  2:54  Probe  
  30  2:55  Blink  
  32  3:04  Probe  
  33  3:06  Probe  
  33  3:16  Probe  
  34  3:20  Probe, Gateway  
  34  3:26  Probe  
  35  3:28  Probe  
  35  3:30  Gateway  
  37  3:35  Probe  
  37  3:37  Probe, Stalker  
  41  3:43  Probe  
  41  3:47  Assimilator  
  42  3:49  Probe  
  42  3:50  Assimilator  
  42  3:55  Probe  
  44  3:58  Pylon  
  44  4:01  Probe  
  45  4:07  Probe, Robotics Facility  
  46  4:15  Pylon  
  46  4:16  Probe  
  47  4:19  Probe  
  48  4:25  Stalker x2  
  48  4:28  Probe  
  51  4:33  Probe  
  51  4:36  Forge  
  51  4:37  Stalker  
  54  4:48  Observer  
  54  4:51  Probe  
  56  5:00  Protoss Ground Weapons Level 1, Robotics Bay  
  56  5:01  Probe  
  56  5:07  Pylon  
  57  5:09  Observer  
  58  5:15  Pylon  
  58  5:17  Stalker x2  
  62  5:23  Observer  
  62  5:25  Stalker  
  64  5:33  Nexus  
  65  5:40  Stalker  
  67  5:45  Robotics Facility  
  67  5:46  Observer  
  68  5:51  Probe  
  68  5:52  Stalker  
  71  6:05  Disruptor  
  71  6:12  Charge  
  74  6:23  Gateway  
  74  6:24  Stalker x2  
  74  6:25  Gateway x2  
  78  6:29  Pylon  
  78  6:43  Pylon  
  78  6:44  Disruptor x2  
  84  6:49  Stalker x2  
  84  6:50  Probe x3  
  91  6:55  Protoss Ground Armor Level 1  
  91  7:00  Pylon  
  91  7:02  Probe x3  
  93  7:08  Zealot  
  93  7:13  Zealot  
  93  7:14  Probe  
  93  7:15  Disruptor  
  98  7:18  Stalker  
  96  7:30  Probe  
  96  7:35  Nexus  
  96  7:39  Pylon  
  96  7:41  Zealot  
  96  7:42  Observer  
  96  7:43  Probe  
  100  7:45  Probe  
  101  7:53  Disruptor  
  101  7:55  Probe  
  105  8:03  Pylon x2  
  105  8:05  Observer  
  103  8:17  Pylon  
  103  8:21  Probe  
  103  8:24  Gateway  
  103  8:26  Disruptor, Probe  
  108  8:29  Disruptor  
  111  8:38  Zealot x4  
  111  8:39  Probe, Zealot  
  111  8:40  Probe  
  123  8:47  Probe  
  124  8:51  Probe  
  125  9:01  Disruptor  
  123  9:04  Zealot x5  
  123  9:05  Zealot  
  123  9:08  Probe  
  138  9:19  Protoss Ground Weapons Level 2  
  138  9:22  Assimilator  
  136  9:27  Assimilator  
  136  9:34  Disruptor  
  136  9:37  Pylon  
  139  9:39  Nexus  
  139  9:49  Immortal  
  139  9:52  Observer  
  129  10:02  Zealot x4  
  129  10:03  Zealot x2  
  140  10:10  Immortal  
  144  10:16  Observer  
  144  10:28  Pylon  
  144  10:29  Observer, Zealot x5  
  144  10:30  Zealot  
  157  10:37  Pylon  
  157  10:57  Zealot x3  
  157  10:58  Zealot x4  
  171  11:07  Disruptor x2  
  177  11:11  Templar Archives  
  177  11:15  Gateway  
  177  11:17  Gateway x2  
  177  11:30  Probe x3  
  177  11:32  Pylon x2  
  177  11:33  Probe  
  177  11:39  Stargate  
  181  11:40  Stargate  
  181  11:41  Protoss Ground Weapons Level 3  
  179  11:47  Pylon  
  179  11:49  Pylon  
  177  11:55  Zealot x6  
  177  11:58  Zealot  
  181  12:02  Probe x2  
  181  12:03  Zealot x2  
  181  12:06  Probe  
  181  12:07  Probe  
  183  12:14  Probe  
  177  12:23  Psionic Storm  
  177  12:29  Fleet Beacon  
  177  12:37  Assimilator, Nexus  
  177  12:38  Pylon  
  177  12:39  Zealot  
  177  12:40  High Templar x2  
  177  12:41  Assimilator  
  177  12:46  Zealot x2  
  177  12:48  Pylon  
  177  12:50  Zealot x2  
  154  13:02  Zealot x2  
  154  13:03  Zealot x2  
  142  13:18  Zealot x6  
  132  13:39  Observer  
  132  13:41  Stalker x9  
  116  13:42  Stalker  
  116  13:47  Probe x4  
  136  13:51  Probe  
  136  13:55  Observer x2  
  138  14:05  High Templar x7  
  138  14:06  High Templar x3  
  138  14:09  Archon  
  156  14:10  Archon x3  
  150  14:38  Stalker  
  148  14:40  Stalker x2  
  148  14:42  Stalker x2  
  151  14:47  Probe x2, Pylon  
  153  14:55  Probe  
  153  14:57  Probe x2  
  153  14:59  Probe x2  
  158  15:07  Probe, High Templar x7  
  173  15:21  Zealot x3  
  173  15:23  Archon x2  
  173  15:24  Archon  
  173  15:40  Stalker x6  
  181  15:47  Stalker  
  181  15:48  Stalker  
  120  16:05  Zealot x6  
  109  16:14  High Templar x4  
  117  16:31  Nexus  
  106  16:33  Zealot x3  
  110  16:44  High Templar x2  
  110  16:46  Zealot x4  
  106  17:08  Zealot x3  
  106  17:09  Zealot x2